 Dungeon Crawl Stone Soup version 0.31-a0-175-g9f7f995f2b (webtiles) character file.

Game seed: 14473694069807253790

14 qw the Shooter (level 2, 0/26 HPs)
             Began as a Naga Hunter on June 16, 2023.
             Slain by a goblin
             ... wielding a +0 dagger
             ... led by Robin
              (4 damage)
             ... on level 2 of the Dungeon.
             The game lasted 00:00:14 (842 turns).

qw the Shooter (Naga Hunter)                         Turns: 842, Time: 00:00:15

Health: 0/26       AC:  2    Str: 12 (13) XL:     2   Next: 45%
Magic:  2/2        EV:  9    Int:  8 (9)  God:
Gold:   20         SH:  0    Dex: 13 (14) Spells: 1/1 levels left

rFire   . . .        Y - +0 shortbow
rCold   + . .        (shield currently unavailable)
rNeg    . . .        h - +0 leather armour {rC+}
rPois   +            (no helmet)
rElec   .            (no cloak)
rCorr   .            (no gloves)
SInv    +            (no barding)
Will    .....        (no amulet)
Stlth   ++           (no ring)
HPRegen 0.24/turn    (no ring)
MPRegen 0.08/turn

%: no passive effects
@: short of breath, very slow
A: AC +0, large, see invisible, deformed body, poison resistance, slowness 2,
spit poison 1, naga tail 1
a: Spit Poison


You were on level 2 of the Dungeon.
You visited 1 branch of the dungeon, and saw 2 of its levels.

You collected 59 gold pieces.
You spent 39 gold pieces at shops.


Innate Abilities, Weirdness & Mutations

Your serpentine skin is tough. (AC +0)
You have supernaturally acute eyesight. (SInv)
Armour fits poorly on your strangely shaped body.
Your system is resistant to poisons. (rPois)
You cover ground very slowly.
You can spit poison.
You have a snake-like lower body.


   Skills:
 - Level 2.0 Fighting
 + Level 4.2 Ranged Weapons
 - Level 1.5 Dodging
 - Level 1.5 Stealth


You had one spell level left.
You didn't know any spells.
Your spell library was empty.

Inventory:

Hand Weapons
 Y - a +0 shortbow (weapon)
Armour
 h - a +0 leather armour of cold resistance (worn)
Scrolls
 g - 5 scrolls of teleportation
Potions
 d - a potion of brilliance {unknown}
 e - a potion of heal wounds {unknown}

Dungeon Overview and Level Annotations

Branches:
Dungeon (2/15)

Altars:

Shops:
D:1 ?

Annotations:
D:2 Robin


Message History

Press: ? - help, Shift-Dir - straight line, f - hobgoblin, p - bat The splash of poison hits the hobgoblin but does no damage.
The dart slug closely misses you. The goblin hits you with a +0 dagger.
The hobgoblin closely misses you.
You shoot an arrow.
The arrow hits the hobgoblin but does no damage.
The goblin barely misses you. The hobgoblin hits you.
The dart slug bites you but does no damage.
You shoot an arrow. The arrow hits the hobgoblin!
You kill the hobgoblin!
Robin throws the goblin at you! The goblin hits you with a +0 dagger.
The goblin closely misses you. The dart slug launches a dart at you.
The slug dart hits you.
You shoot an arrow. The arrow hits the goblin.
You kill the goblin!
You have got your breath back.
The goblin barely misses you.
840 ||| INVOKING Spit Poison.
Aiming: Spit Poison (2% risk of failure)
Press: ? - help, Shift-Dir - straight line, f - goblin The splash of poison hits the goblin.
The goblin is poisoned.
The goblin is heavily wounded.
The goblin hits you but does no damage. The dart slug closely misses you.
You shoot an arrow.
The arrow hits the goblin but does no damage.
The goblin is heavily wounded.
Robin roars a battlecry!
The goblin goes into a battle-frenzy!
The goblin barely misses you. The dart slug closely misses you.
You shoot an arrow.
The arrow hits the goblin but does no damage.
The goblin is heavily wounded.
The goblin looks more healthy.
Robin hits you with a +1 dagger of protection.
The goblin barely misses you.
The dart slug bites you but does no damage.
Robin laughs in a distinctly smug fashion.
The goblin hits you with a +0 dagger.
You die...

###### #w@gr#
##g##g###
#Jb.g.....
#.##.....$
... .g....#
....g >....#
#...#g.ggg..#
#..!#...g.r.
....#.g.....


You could see Robin, a dart slug, an endoplasm, 2 goblins, a bat and a rat.

Vanquished Creatures
  A dart slug (D:1)
  An endoplasm (D:1)
  A giant cockroach (D:1)
  2 goblins
  A hobgoblin (D:2)
  A quokka (D:1)
  3 bats (D:1)
  A frilled lizard (D:1)
  A kobold (D:1)
12 creatures vanquished.

Notes
Turn   | Place    | Note
-------+----------+-------------------------------------------
     0 | D:1      | qw the Naga Hunter began the quest for the Orb.
     0 | D:1      | Reached XP level 1. HP: 19/19 MP: 1/1
     0 | D:1      | 0 ||| qw: Version: 0.2-a-29-g511e9b1
     0 | D:1      | 0 ||| qw: Game counter: 5765
     0 | D:1      | 0 ||| qw: Always use a shield: true
     0 | D:1      | 0 ||| qw: God list: Okawaru
     0 | D:1      | 0 ||| qw: Allow faded altars: false
     0 | D:1      | 0 ||| qw: Do Orc after D:15 true
     0 | D:1      | 0 ||| qw: Do second Lair branch before Depths: true
     0 | D:1      | 0 ||| qw: Lair rune preference: random
     0 | D:1      | 0 ||| qw: Plans: Normal
     0 | D:1      | 0 ||| PLANNING D:1-11
    65 | D:1      | 65 ||| INVOKING Spit Poison.
   103 | D:1      | 103 ||| INVOKING Spit Poison.
   123 | D:1      | 123 ||| INVOKING Spit Poison.
   150 | D:1      | 150 ||| INVOKING Spit Poison.
   162 | D:1      | 162 ||| INVOKING Spit Poison.
   163 | D:1      | Reached skill level 4 in Ranged Weapons
   163 | D:1      | Reached XP level 2. HP: 26/26 MP: 2/2
   209 | D:1      | Found Afuytah's Magic Scroll Emporium.
   222 | D:1      | 222 ||| SHOPLISTING scroll of enchant weapon (97 gold, have
                  | 59).
   222 | D:1      | 222 ||| BUYING scroll of teleportation (39 gold).
   222 | D:1      | Bought a scroll of teleportation for 39 gold pieces
   222 | D:1      | 222 ||| SHOPLISTING scroll of teleportation (39 gold, have
                  | 20).
   271 | D:1      | 271 ||| INVOKING Spit Poison.
   369 | D:1      | 369 ||| INVOKING Spit Poison.
   449 | D:1      | 449 ||| INVOKING Spit Poison.
   457 | D:1      | Found a faded altar of an unknown god.
   505 | D:1      | 505 ||| INVOKING Spit Poison.
   777 | D:1      | 777 ||| UPGRADING to +0 leather armour of cold resistance.
   787 | D:1      | 787 ||| DROPPING +0 leather armour.
   788 | D:1      | 788 ||| READING scroll labelled NAEGIDAANAWK.
   789 | D:1      | 789 ||| READING scroll labelled ARYWNED ROERIVAT.
   790 | D:1      | 790 ||| READING scroll labelled KASEDW LACYDD.
   791 | D:1      | 791 ||| DRINKING 2 smoky pink potions.
   792 | D:1      | 792 ||| DRINKING 2 fuming green potions.
   793 | D:1      | 793 ||| DROPPING scroll of butterflies.
   794 | D:1      | 794 ||| DROPPING potion of degeneration.
   795 | D:1      | 795 ||| DROPPING potion of attraction.
   832 | D:2      | 832 ||| INVOKING Spit Poison.
   832 | D:2      | Noticed Robin
   833 | D:2      | 833 ||| Stepping ~*~*~tactically~*~*~ (outnumbered).
   835 | D:2      | 835 ||| Stepping ~*~*~tactically~*~*~ (outnumbered).
   836 | D:2      | 836 ||| INVOKING Spit Poison.
   840 | D:2      | 840 ||| INVOKING Spit Poison.
   842 | D:2      | HP: 4/26 [Robin/+1 dagger of protection (4)]
   842 | D:2      | Slain by a goblin

Levels and vault maps discovered:
D:1:      saegor_arrival_simple_b, layout_basic, serial_shops,
          nicolae_square_shop, shapermc_ecumenical_altar_starsandcircs,
          minmay_unequal
D:2:      layout_basic, uniq_robin, uniq_sigmund

Skill      XL: |  1 |
---------------+----+-----
Ranged Weapons | 4 |  4.2
Fighting       | |  2.0
Dodging        | |  1.5
Stealth        | |  1.5

Action                     || total
---------------------------++-------
   Fire: Shortbow          ||    20
Ability: Spit Poison       ||    12
    Use: Scroll            ||     3
         Potion            ||     2
 Armour: Leather armour    ||     5
  Dodge: Dodged            ||    15

Table legend:
 A = Non-vault XP
 B = Vault XP
 C = Vault XP percentage of total XP
 D = Non-vault monster count
 E = Vault monster count
 F = Vault count percentage of total count
                 A         B        C        D         E       F
            +---------+---------+-------+---------+---------+-------
      Total |      17 |       4 |  19.0 |      10 |       2 |  16.7
            +---------+---------+-------+---------+---------+-------
        D:1 |      17 |       0 |   0.0 |      10 |       0 |   0.0
        D:2 |       0 |       4 | 100.0 |       0 |       2 | 100.0
            +---------+---------+-------+---------+---------+-------
